 Dungeon Crawl Stone Soup version 0.28-a0-401-ge240ad9e29 (webtiles) character file.

Game seed: 3710131011862851045

86025 Spaninq the Severer (level 15, -4/155 HPs)
             Began as a Hill Orc Monk on Sept 4, 2021.
             Was a High Priest of Beogh.
             Shot with an arrow by Vashnia (23 damage)
             ... on level 2 of the Snake Pit.
             The game lasted 01:52:27 (25634 turns).

Spaninq the Severer (Hill Orc Monk)                Turns: 25634, Time: 01:52:28

Health: -4/155     AC: 41    Str: 25    XL:     15   Next: 85%
Magic:  21/21      EV:  7    Int: 16    God:    Beogh [*****.]
Gold:   4401       SH:  0    Dex: 11    Spells: 14/14 levels left

rFire   . . .      SeeInvis +   e - +3 battleaxe (elec)
rCold   + + .      Faith    .   (shield currently unavailable)
rNeg    . . .      Spirit   .   f - +7 crystal plate armour "Lamuj" {rPois Int+6}
rPois   +          Reflect  .   l - +2 helmet
rElec   .          Harm     .   R - +0 cloak {rC+}
rCorr   .          Rampage  .   L - +2 pair of gloves {Stlth+}
Will    ++...                   a - +1 pair of boots
Stlth   ..........              z - amulet "Foarra Tevy" {Regen+ Str+4 Dex-2 SInv}
HPRegen 1.35/turn               i - ring of poison resistance
MPRegen 0.17/turn               G - ring "Sapuwir" {rC+ Will+ Slay+2}

@: no status effects
A: walk on water, robust 1, MP-powered wands
a: Renounce Religion, Smiting, Recall Orcish Followers, Give Item to Named
Follower


You were on level 2 of the Snake Pit.
You worshipped Beogh.
Beogh was extremely pleased with you.
You visited 5 branches of the dungeon, and saw 25 of its levels.
You also visited: Gauntlet and Ice Cave.

You collected 4539 gold pieces.
You spent 138 gold pieces at shops.

Inventory:

Hand Weapons
 e - a +3 battleaxe of electrocution (weapon)
 o - a +0 scimitar of flaming
 D - a +0 battleaxe of freezing
 J - a +3 vorpal hand axe
 W - the +7 dagger of Patterns {freeze, rF++}
   (You found it on level 13 of the Dungeon)

   It freezes those it strikes, dealing additional cold damage.
   It can also slow down cold-blooded creatures.
   rF:        It greatly protects you from fire.
 Y - the +9 sword of Zonguldrok {reap}
   (You took it off a minotaur in a Gauntlet)

   Any living foe damaged by it may be reanimated upon death as a zombie
   friendly to the wielder, with an increasing chance as more damage is dealt.
Missiles
 x - 2 throwing nets
 y - 15 javelins
 A - 55 boomerangs (quivered)
 N - 8 silver javelins
Armour
 a - a +1 pair of boots (worn)
 f - the +7 crystal plate armour "Lamuj" (worn) {rPois Int+6}
   (You acquired it on level 6 of the Dungeon)

   Int:       It affects your intelligence (+6).
   rPois:     It protects you from poison.
 j - a +0 cloak of stealth
 l - a +2 helmet (worn)
 L - a +2 pair of gloves of stealth (worn)
 R - a +0 cloak of cold resistance (worn)
Jewellery
 i - a ring of poison resistance (left hand)
 q - a ring of positive energy
 r - a ring of protection from cold
 z - the amulet "Foarra Tevy" (around neck) {Regen+ Str+4 Dex-2 SInv}
   (You found it on level 2 of the Lair of Beasts)

   [amulet of regeneration]

   Str:       It affects your strength (+4).
   Dex:       It affects your dexterity (-2).
   SInv:      It lets you see invisible.
   Regen:     It increases your rate of health regeneration.
 G - the ring "Sapuwir" (right hand) {rC+ Will+ Slay+2}
   (You found it in a Gauntlet)

   [ring of protection from cold]

   Slay:      It affects your accuracy & damage with ranged weapons and melee
   (+2).
   rC:        It protects you from cold.
   Will:      It increases your willpower.
 H - the ring "Toadet" {rF+ rCorr}
   (You found it in a Gauntlet)

   [ring of resist corrosion]

   rF:        It protects you from fire.
   rCorr:     It protects you from acid and corrosion.
 P - the ring "Fuhix" {Will+ Str+5 Stlth-}
   (You found it on level 6 of the Lair of Beasts)

   [ring of willpower]

   Str:       It affects your strength (+5).
   Will:      It increases your willpower.
   Stlth:     It makes you less stealthy.
 U - an amulet of reflection
Wands
 t - a wand of flame (80)
 B - a wand of iceblast (16)
 I - a wand of mindburst (29)
 O - a wand of paralysis (2)
 X - a wand of polymorph (9)
Scrolls
 b - 4 scrolls of amnesia
 d - 8 scrolls of identify
 k - 3 scrolls of fear
 m - 2 scrolls of fog
 n - 8 scrolls of enchant armour
 w - 8 scrolls of teleportation
 F - a scroll of blinking
 Q - a scroll of silence
 V - a scroll of magic mapping
Potions
 c - a potion of brilliance
 g - 5 potions of flight
 h - 5 potions of mutation
 p - 3 potions of invisibility
 u - 6 potions of curing
 v - 5 potions of attraction
 C - 2 potions of magic
 E - a potion of might
 K - 2 potions of cancellation
 T - a potion of resistance
Miscellaneous
 s - a box of beasts
 M - a phantom mirror


   Skills:
 + Level 15.1 Fighting
 + Level 20.8 Axes
 - Level 8.0 Throwing
 + Level 13.6 Armour
 + Level 5.2 Dodging
 - Level 1.5 Stealth
 - Level 9.0 Invocations


You had 14 spell levels left.
You didn't know any spells.
Your spell library contained the following spells:

 Spells                   Type           Power      Damage    Failure   Level
 Beastly Appendage        Tmut           0%         N/A       100%        1
 Sandblast                Erth           0%         2d4       100%        1
 Shock                    Conj/Air       0%         1d3       100%        1
 Sting                    Tmut/Pois      0%         1d3       100%        1
 Passwall                 Tmut/Erth      0%         N/A       100%        2
 Poisonous Vapours        Pois/Air       0%         N/A       100%        2
 Slow                     Hex            0%         N/A       100%        2
 Static Discharge         Conj/Air       0%         N/A       100%        2
 Wereblood                Tmut           0%         N/A       100%        2
 Call Canine Familiar     Summ           0%         N/A       100%        3
 Confusing Touch          Hex            0%         N/A       100%        3
 Dazzling Flash           Conj/Hex       0%         N/A       100%        3
 Gell's Gravitas          Tloc           0%         N/A       100%        3
 Portal Projectile        Hex/Tloc       0%         N/A       100%        3
 Spider Form              Tmut/Pois      0%         N/A       100%        3
 Stone Arrow              Conj/Erth      0%         3d7       100%        3
 Swiftness                Air            0%         N/A       100%        3
 Teleport Other           Tloc           0%         N/A       100%        3
 Vampiric Draining        Necr           0%         2d6       100%        3
 Airstrike                Air            0%         N/A       100%        4
 Dispel Undead            Necr           0%         3d6       100%        4
 Leda's Liquefaction      Hex/Erth       0%         N/A       100%        4
 Olgreb's Toxic Radiance  Pois           0%         N/A       100%        4
 Sticky Flame             Conj/Fire      0%         2d3       100%        4
 Agony                    Necr           0%         N/A       100%        5
 Fireball                 Conj/Fire      0%         3d3       100%        5
 Silence                  Hex/Air        0%         N/A       100%        5
 Dispersal                Tloc           0%         N/A       100%        6
 Invisibility             Hex            0%         N/A       100%        6


Dungeon Overview and Level Annotations

Branches:
Dungeon (14/15)            Temple (1/1) D:5            Lair (6/6) D:11
 Shoals (0/4) Lair:3        Snake (2/4) Lair:4        Slime (0/5) Lair:6
    Orc (2/2) D:10            Elf (0/3) Orc:2        Vaults (0/5) D:14
  IceCv (visited)         Gauntlet (visited)

Altars:
Ashenzari
Cheibriados
Dithmenos
Elyvilon
Fedhas
Gozag
Hepliaklqana
Kikubaaqudgha
Makhleb
Nemelex Xobeh
Okawaru
Qazlal
Ru
Sif Muna
Trog
Uskayaw
Vehumet
Wu Jian
Xom
Yredelemnul
Zin
The Shining One
Beogh
Jiyva
Lugonu

Shops:
D:6 *   D:7 [   D:8 *   Orc:2 (=[:   Snake:2 [

Portals:
Abyss: Lair:6
Trove: D:12 (give +6 demon blade)

Annotations:
Snake:2 Vashnia


Innate Abilities, Weirdness & Mutations

You can walk on water.
You are robust. (+10% HP)
You expend magic power (3 MP) to strengthen your wands.


Message History

You feel much better.
You feel sick.
The naga sharpshooter shoots a bolt.
The bolt hits you but does no damage.
The naga sharpshooter shoots an arrow.
The arrow hits you but does no damage. The naga sharpshooter constricts you.
You slice the naga sharpshooter!!
Lightning courses through the naga sharpshooter!
You kill the naga sharpshooter!
Beogh accepts your kill.
You slash the naga sharpshooter!
Lightning courses through the naga sharpshooter!
You kill the naga sharpshooter!
Beogh accepts your kill.
You feel sick.
You slash the black mamba!
The black mamba is heavily wounded.
You feel sick.
The black mamba bites you but does no damage.
You open the black mamba like a pillowcase!!!
Lightning courses through the black mamba!
You kill the black mamba!
Beogh accepts your kill.
You feel sick.
You are no longer poisoned.
Your ice devil disappears in a puff of smoke!
Vashnia shoots an arrow.
The arrow hits you but does no damage.
Items here: ( )) †.
You miss Vashnia.
Vashnia is lightly wounded.
Alork shoots a bolt.
The bolt hits Vashnia!!
Vashnia shoots an arrow.
The arrow hits you!!
* * * LOW HITPOINT WARNING * * *
x2 You slice Vashnia!!
Vashnia is moderately wounded.
Alork shoots a bolt.
The bolt misses Vashnia.
You slice Vashnia!!
Vashnia is moderately wounded.
Vashnia shoots an arrow.
The arrow hits you!!
* * * LOW HITPOINT WARNING * * *
x2 You feel better.
Alork shoots a bolt.
The bolt hits Vashnia!
Vashnia shoots an arrow.
The arrow hits you!!
You die...

... .. .... .
####.## ##....
..#...... #....
....... ....
...#.# ..# ..
#...##N.#..##
#..)#@)......
#..o#o####...
###))oo......
#)≈≈≈≈≈≈≈≈≈
#)≈#≈≈≈≈≈≈#
#.≈≈≈≈#≈≈#≈ ..
#.≈≈≈≈≈### ...
##.#≈≈#≈≈≈
...#####..≈#≈##≈≈#


You could see Vashnia (ally target), a friendly orc knight (strong), the
friendly Alork the orc knight and the friendly Urug (strong).

Vanquished Creatures
  Rupert (Orc:2)
  A frost giant (IceCv)
  A minotaur (Gauntlet)
  A green death (Gauntlet)
  3 hydras
  Erica (D:8)
  2 ogre magi (Orc:2)
  A centaur warrior (D:13)
  2 naga warriors
  An anaconda (Snake:2)
  A death knight (D:14)
  A catoblepas (Lair:6)
  5 two-headed ogres
  5 death yaks (IceCv)
  A thrashing horror (Lair:6)
  4 naga sharpshooters
  A skeletal warrior (D:14)
  A goliath frog (Snake:2)
  A large abomination (Lair:6)
  A lindwurm (Lair:6)
  2 swamp dragons (Snake:2)
  3 deep elf pyromancers
  A phantasmal warrior (D:14)
  An oklob plant (Gauntlet)
  5 ugly things
  3 manticores
  2 salamanders (Snake:2)
  4 cyclopes
  3 black mambas
  2 elephants (Lair:6)
  An ice statue (IceCv)
  A naga mage (Snake:1)
  3 cane toads
  2 minotaur zombies (Gauntlet)
  9 rime drakes
  A kobold demonologist (D:11)
  2 orange demons (Gauntlet)
  4 komodo dragons
  A freezing wraith (D:13)
  A jumping spider (shapeshifter) (Lair:6)
  A hornet (shapeshifter) (D:14)
  4 trolls
  4 polar bears (IceCv)
  Grinder (D:5)
  A dream sheep (Lair:6)
  4 blink frogs
  7 slime creatures
  A spriggan (Lair:4)
  4 wraiths
  25 yaks
  2 shadows
  2 wyverns (D:10)
  A vampire (D:13)
  A hog (shapeshifter) (D:14)
  A chaos spawn (Lair:6)
  A human (shapeshifter) (D:14)
  5 vampire mosquitoes
  A basilisk (shapeshifter) (D:13)
  Grum (D:6)
  2 basilisks
  Menkaure (D:7)
  2 swamp worms (Snake:2)
  Edmund (D:6)
  A warg (Orc:2)
  2 acid dragons (Gauntlet)
  3 small abominations (Lair:6)
  7 water moccasins
  9 nagas
  A hell hound (Lair:6)
  4 orc warriors
  2 sky beasts
  An ice beast (D:6)
  A swamp drake (Snake:2)
  10 ogres
  2 centaurs
  18 wolves
  2 phantoms (D:4)
  10 bullfrogs
  6 gnoll sergeants
  A scorpion (D:4)
  A two-headed ogre simulacrum (Orc:1)
  A wight (D:8)
  A howler monkey (D:11)
  An electric eel (D:6)
  9 hounds
  2 centaur zombies
  7 orc priests
  6 jellies
  A centaur skeleton (D:7)
  3 gnoll shamans
  Jessica (D:2)
  8 orc wizards
  7 hell rats
  A polar bear simulacrum (Orc:1)
  A troll simulacrum (Orc:1)
  A spriggan simulacrum (Orc:1)
  A howler monkey zombie (D:9)
  Robin (D:2)
  32 gnolls
  7 adders
  A howler monkey skeleton (D:4)
  2 river rats (Lair:3)
  2 ufetubi (D:4)
  3 adder skeletons (D:4)
  3 worms
  19 orcs
  14 ball pythons
  3 endoplasms
  A giant cockroach (D:1)
  15 goblins
  6 hobgoblins
  4 iguanas
  3 jackals (D:6)
  5 kobolds
  A quokka (D:4)
  7 bats
  3 frilled lizards
  13 rats
  A spectral hobgoblin (D:9)
  A spectral orc (D:10)
  A toadstool (D:1)
439 creatures vanquished.

Vanquished Creatures (collateral kills)
  An orc warlord (Snake:2)
  An ironbound preserver (D:14)
  A naga warrior (Snake:2)
  4 hydras
  An anaconda (Snake:1)
  A catoblepas (D:13)
  8 two-headed ogres
  A death knight (D:12)
  A two-headed ogre (shapeshifter) (Lair:6)
  An orc sorcerer (Snake:2)
  An orc high priest (Orc:2)
  2 thrashing horrors (Lair:6)
  6 naga sharpshooters
  2 skeletal warriors (D:14)
  2 deep trolls (Orc:2)
  A lindwurm (Lair:3)
  A deep elf pyromancer (D:13)
  2 phantasmal warriors
  A mana viper (Snake:1)
  2 ugly things (D:14)
  2 salamanders (Snake:1)
  2 naga magi
  6 elephants
  A gargoyle (D:14)
  3 black mambas
  A smoke demon (Lair:6)
  A guardian serpent (Snake:2)
  7 cane toads
  Psyche (D:11)
  10 komodo dragons
  A rime drake (Lair:6)
  An efreet (D:13)
  A freezing wraith (D:14)
  5 trolls (Orc:2)
  2 ancient zymes (Lair:6)
  A meliai (D:14)
  A polar bear (Lair:4)
  A slime creature (D:14)
  4 dream sheep (Lair:6)
  9 blink frogs
  A large abomination (Lair:6)
  A shadow (D:11)
  A vampire (D:14)
  A spriggan (Lair:6)
  2 ynoxinuls (Lair:6)
  5 yaks
  2 wraiths
  4 wyverns
  6 basilisks (Lair:6)
  3 vampire mosquitoes
  3 wargs
  7 nagas
  2 swamp worms (Snake:2)
  An acid dragon (D:14)
  A hell hound (Lair:6)
  6 water moccasins
  2 orc warriors
  4 small abominations (Lair:6)
  2 ice beasts
  A swamp drake (Snake:2)
  A black bear (Lair:4)
  10 ogres (Orc:2)
  5 wolves
  3 kobold brigands (D:11)
  A two-headed ogre simulacrum (Orc:1)
  A bullfrog (Lair:4)
  2 gnoll sergeants
  A killer bee (D:9)
  3 centaur zombies
  2 hounds
  4 orc priests
  2 jellies
  2 orc wizards (Orc:1)
  7 hell rats
  A spriggan simulacrum (Orc:1)
  A hound zombie (D:5)
  A hound skeleton (D:5)
  A howler monkey zombie (D:7)
  An adder (D:6)
  13 gnolls
  2 naga simulacra (Orc:1)
  An ufetubus (D:5)
  11 orcs
  A jackal (D:6)
  4 kobolds (D:11)
  A rat (Lair:3)
237 creatures vanquished.

Vanquished Creatures (others)
  An orc sorcerer (Snake:2)
  4 orc knights
  A cane toad (Lair:6)
  12 orc warriors
  11 orc priests
  13 orc wizards
  37 orcs
  A giant cockroach (D:11)
  19 demonic plants (Gauntlet)
  30 fungi
  44 plants
  3 toadstools (D:1)
176 creatures vanquished.

Grand Total: 852 creatures vanquished

Notes
Turn   | Place    | Note
-------+----------+-------------------------------------------
     0 | D:1      | Spaninq the Hill Orc Monk began the quest for the Orb.
     0 | D:1      | Reached XP level 1. HP: 19/19 MP: 1/1
   396 | D:1      | Reached XP level 2. HP: 27/27 MP: 2/2
   541 | D:1      | Found a faded altar of an unknown god.
   671 | D:1      | Reached skill level 1 in Armour
  1117 | D:1      | Reached XP level 3. HP: 33/33 MP: 3/3
  1331 | D:2      | Noticed Jessica
  1339 | D:2      | Killed Jessica
  1340 | D:2      | Reached skill level 5 in Axes
  1400 | D:2      | Noticed Robin
  1411 | D:2      | Reached XP level 4. HP: 22/40 MP: 4/4
  2132 | D:2      | Killed Robin
  3169 | D:3      | Found a roughly hewn altar of Beogh.
  3170 | D:3      | Gained mutation: You are robust. (+10% HP) [potion of
                  | mutation]
  3170 | D:3      | Gained mutation: You expend magic power (3 MP) to
                  | strengthen your wands. [potion of mutation]
  3175 | D:3      | Became a worshipper of Beogh the Brigand
  3175 | D:3      | Reached * piety under Beogh
  3175 | D:3      | Reached ** piety under Beogh
  3441 | D:3      | Found a glowing silver altar of Zin.
  3527 | D:3      | Reached skill level 6 in Axes
  3527 | D:3      | Reached XP level 5. HP: 50/51 MP: 5/5
  3862 | D:4      | Reached skill level 1 in Invocations
  4003 | D:4      | Reached XP level 6. HP: 39/60 MP: 5/7
  4192 | D:4      | Reached skill level 5 in Fighting
  4413 | D:4      | Found a shimmering altar of Xom.
  4628 | D:4      | Reached skill level 7 in Axes
  4659 | D:4      | Identified the +6 spear "Qiwotwom" {vorpal, Str+3 Dex+3}
  4818 | D:4      | Reached XP level 7. HP: 64/67 MP: 7/9
  5004 | D:4      | Reached skill level 8 in Axes
  5301 | D:4      | Identified the +2 rapier of Welfare {vorpal, rPois rC+ rN+
                  | Stlth+}
  5425 | D:4      | Reached *** piety under Beogh
  5426 | D:4      | Reached XP level 8. HP: 65/77 MP: 9/11
  5850 | D:5      | Entered Level 5 of the Dungeon
  5863 | D:5      | Reached skill level 9 in Axes
  6038 | D:3      | Found a roughly hewn altar of Beogh.
  6215 | D:3      | Found a glowing silver altar of Zin.
  6738 | D:5      | Found a staircase to the Ecumenical Temple.
  6757 | Temple   | Entered the Ecumenical Temple
  6813 | D:5      | Noticed Grinder
  6815 | D:5      | Reached skill level 5 in Invocations
  6828 | D:5      | Killed Grinder
  6829 | D:5      | Reached skill level 5 in Armour
  6983 | D:5      | Found a radiant altar of Vehumet.
  6983 | D:5      | Found a stormy altar of Qazlal.
  6984 | D:5      | Found a broken altar of Ashenzari.
  7094 | D:6      | Found Elounk's General Store.
  7100 | D:6      | Reached skill level 10 in Axes
  7129 | D:6      | Identified 3 scrolls of acquirement
  7129 | D:6      | Acquired a +2 battleaxe of electrocution
  7131 | D:6      | Acquired 522 gold pieces
  7133 | D:6      | Acquired the +7 crystal plate armour "Lamuj" {rPois Int+6}
  7179 | D:6      | Reached XP level 9. HP: 86/86 MP: 13/13
  7513 | D:6      | Noticed Edmund
  7521 | D:6      | Killed Edmund
  7629 | D:6      | Reached **** piety under Beogh
  7663 | D:6      | Found an iron altar of Okawaru.
  7812 | D:6      | Reached skill level 11 in Axes
  8047 | D:6      | Noticed Grum
  8056 | D:6      | Killed Grum
  8807 | D:7      | Reached skill level 1 in Throwing
  8823 | D:7      | Reached XP level 10. HP: 91/96 MP: 15/15
  8830 | D:7      | Reached skill level 12 in Axes
  8919 | D:7      | Gained Bogbrand as an ally
  8930 | D:7      | Found Ocinigok's Armour Shop.
  8935 | D:7      | Acquired 595 gold pieces
  8943 | D:7      | Bought a +0 cloak of stealth for 138 gold pieces
  8951 | D:7      | Noticed Menkaure
  8957 | D:7      | Killed Menkaure
  9590 | D:8      | Found Owo Quop's Mass Market.
  9868 | D:8      | Noticed Erica
  9896 | D:8      | HP: 1/99 [something (6)]
  9900 | D:8      | Killed Erica
 11471 | D:9      | Reached skill level 13 in Axes
 11482 | D:9      | Found a sacrificial altar of Ru.
 12122 | D:9      | Found a hazy altar of Hepliaklqana.
 12265 | D:10     | Entered Level 10 of the Dungeon
 12412 | D:10     | Reached XP level 11. HP: 88/106 MP: 17/17
 12568 | D:10     | Noticed a seven-headed hydra
 12579 | D:10     | Killed a one-headed hydra
 12900 | D:10     | Found a staircase to the Orcish Mines.
 13140 | D:10     | Found a basalt altar of Yredelemnul.
 13284 | D:11     | Noticed a soul eater
 13294 | D:11     | Reached ***** piety under Beogh
 13295 | D:11     | Reached skill level 14 in Axes
 13296 | D:11     | Found a staircase to the Lair.
 13675 | D:11     | Noticed Psyche
 13681 | D:11     | Killed Psyche
 14025 | Lair:1   | Entered Level 1 of the Lair of Beasts
 14032 | Lair:1   | Reached skill level 10 in Fighting
 14350 | Lair:1   | Reached skill level 5 in Throwing
 14684 | Lair:2   | Gained Alork as an ally
 14791 | Lair:2   | Reached skill level 15 in Axes
 14795 | Lair:2   | Reached XP level 12. HP: 96/117 MP: 18/18
 15008 | Lair:2   | Identified the amulet "Foarra Tevy" {Regen+ Str+4 Dex-2
                  | SInv}
 15606 | Lair:3   | Got the Compendium of Attacks
 15652 | Lair:3   | Found a staircase to the Shoals.
 15712 | Lair:3   | Gained Syrus as an ally
 15771 | Lair:3   | Found a gate leading to a gauntlet.
 15789 | Gauntlet | Entered a Gauntlet
 15789 | Gauntlet | Found a transporter.
 15802 | Gauntlet | Found a transporter.
 15816 | Gauntlet | Found a transporter.
 15821 | Gauntlet | Found a transporter.
 15824 | Gauntlet | Noticed a wretched star
 15836 | Gauntlet | Found a transporter.
 15855 | Gauntlet | Found a transporter.
 15867 | Gauntlet | Found a transporter.
 15869 | Gauntlet | Noticed a green death
 15877 | Gauntlet | Noticed a thrashing horror
 15879 | Gauntlet | Found a transporter.
 15879 | Gauntlet | Noticed a thrashing horror
 15887 | Gauntlet | Noticed a quicksilver ooze
 15891 | Gauntlet | Found a transporter.
 15903 | Gauntlet | Found a transporter.
 15909 | Gauntlet | Found a transporter.
 15946 | Gauntlet | Found a transporter.
 15948 | Gauntlet | Found a transporter.
 15950 | Gauntlet | Found a runed translucent gate.
 15950 | Gauntlet | Found a runed translucent gate.
 15950 | Gauntlet | Found a runed translucent gate.
 15953 | Gauntlet | Found a large runed translucent door.
 15953 | Gauntlet | Found a large runed translucent door.
 15953 | Gauntlet | Found a large runed translucent door.
 15953 | Gauntlet | Found a large runed translucent door.
 15956 | Gauntlet | Found a large runed translucent door.
 15956 | Gauntlet | Found a large runed translucent door.
 15957 | Gauntlet | Found a large runed translucent door.
 15957 | Gauntlet | Found a large runed translucent door.
 15960 | Gauntlet | Found a large runed translucent door.
 15960 | Gauntlet | Found a large runed translucent door.
 15960 | Gauntlet | Found a runed translucent door.
 15960 | Gauntlet | Found a runed translucent door.
 15961 | Gauntlet | Found a large runed translucent door.
 15962 | Gauntlet | Found a large runed translucent door.
 15971 | Gauntlet | Found a large runed translucent door.
 15971 | Gauntlet | Found a large runed translucent door.
 15972 | Gauntlet | Found a large runed translucent door.
 15973 | Gauntlet | Found a large runed translucent door.
 15975 | Gauntlet | Found a transporter.
 15975 | Gauntlet | Found a transporter.
 15995 | Gauntlet | Found a transporter.
 16025 | Gauntlet | Noticed an ice dragon
 16027 | Gauntlet | an ice dragon changed into a goliath frog
 16073 | Gauntlet | Found a transporter.
 16105 | Gauntlet | Found a transporter.
 16205 | Gauntlet | Noticed an anaconda
 16207 | Gauntlet | Noticed an ice dragon
 16208 | Gauntlet | an ice dragon changed into a goliath frog
 16209 | Gauntlet | Noticed a four-headed hydra
 16209 | Gauntlet | a goliath frog changed into a four-headed hydra
 16210 | Gauntlet | Noticed a boulder beetle
 16210 | Gauntlet | a four-headed hydra changed into a boulder beetle
 16211 | Gauntlet | Noticed a great orb of eyes
 16211 | Gauntlet | a boulder beetle changed into a great orb of eyes
 16213 | Gauntlet | a great orb of eyes changed into a tyrant leech
 16216 | Gauntlet | an anaconda changed into a slime creature
 16232 | Gauntlet | Noticed an alligator
 16232 | Gauntlet | a slime creature changed into an alligator
 16608 | Gauntlet | Noticed an anaconda
 16611 | Gauntlet | Identified the ring "Sapuwir" {rC+ Will+ Slay+2}
 16655 | Gauntlet | Killed a green death
 16661 | Gauntlet | Identified the ring "Toadet" {rF+ rCorr}
 16661 | Gauntlet | Noticed a bunyip
 16661 | Gauntlet | an anaconda changed into a bunyip
 16680 | Gauntlet | Noticed a minotaur
 16680 | Gauntlet | Found the +2 cloak of the Thief {*Fog Slay-2 SInv Stlth+}
 16689 | Gauntlet | Killed a minotaur
 16690 | Gauntlet | Reached skill level 16 in Axes
 17710 | Lair:4   | Found a staircase to the Snake Pit.
 17716 | Lair:4   | Reached skill level 10 in Armour
 17894 | Lair:4   | Reached XP level 13. HP: 128/128 MP: 19/19
 18297 | Lair:5   | You fall into a shaft and drop 1 floor!
 18297 | Lair:6   | Entered Level 6 of the Lair of Beasts
 18346 | Lair:6   | Reached skill level 17 in Axes
 18410 | Lair:6   | Reached ****** piety under Beogh
 19475 | Lair:6   | Found a viscous altar of Jiyva.
 19475 | Lair:6   | Found a staircase to the Slime Pits.
 19510 | Lair:6   | Noticed Urug
 19891 | Lair:6   | Reached skill level 18 in Axes
 20212 | Lair:6   | Found a corrupted altar of Lugonu.
 20212 | Lair:6   | Found a one-way gate to the infinite horrors of the Abyss.
 20217 | Lair:6   | Identified the ring "Fuhix" {Will+ Str+5 Stlth-}
 20490 | Orc:1    | Entered Level 1 of the Orcish Mines
 20557 | Orc:2    | Entered Level 2 of the Orcish Mines
 20557 | Orc:2    | Noticed Rupert
 20567 | Orc:2    | Killed Rupert
 20579 | Orc:2    | Reached XP level 14. HP: 82/139 MP: 20/20
 20599 | Orc:2    | Gained Dorog as an ally
 20607 | Orc:2    | Your ally Dorog died
 20613 | Orc:2    | Reached skill level 19 in Axes
 20614 | Orc:2    | Your ally Syrus died
 20629 | Orc:2    | Found Fibawim's Jewellery Shop.
 20700 | Orc:1    | Found a frozen archway.
 20703 | Orc:1    | Gained Borgk as an ally
 20738 | IceCv    | Entered an ice cave
 20756 | IceCv    | Gained Olfik as an ally
 20837 | IceCv    | Gained Rocco as an ally
 20877 | IceCv    | Noticed a frost giant
 20897 | IceCv    | Killed a frost giant
 21357 | Orc:1    | Found a runed translucent door.
 21700 | Orc:1    | Found a roughly hewn altar of Beogh.
 21974 | Orc:2    | Found a staircase to the Elven Halls.
 22007 | Orc:2    | Found Serheff's Weapon Shoppe.
 22014 | Orc:2    | Found Qatemmosm's Book Shop.
 22031 | Orc:2    | Found Wieky's Armour Boutique.
 22418 | D:12     | Gained Arbolt as an ally
 22423 | D:12     | Your ally Arbolt died
 22484 | D:12     | Reached skill level 20 in Axes
 22552 | D:12     | Found a portal to a secret trove of treasure.
 23281 | D:13     | Reached XP level 15. HP: 151/151 MP: 21/21
 23430 | D:13     | Your ally Borgk died
 23570 | D:13     | Identified the +7 dagger of Patterns {freeze, rF++}
 23685 | D:13     | Found a shimmering altar of Xom.
 23689 | D:13     | Found a shimmering altar of Xom.
 23689 | D:13     | Found a shimmering altar of Xom.
 24371 | D:14     | Found a gate to the Vaults.
 24768 | Snake:1  | Entered Level 1 of the Snake Pit
 24784 | Snake:1  | Your ally Olfik died
 25409 | Snake:2  | Your ally Rocco died
 25474 | Snake:2  | Your ally Bogbrand died
 25484 | Snake:2  | Your ally Olfik died
 25487 | Snake:2  | Reached skill level 15 in Fighting
 25510 | Snake:2  | Found Teujom's Antique Armour Shoppe.
 25598 | Snake:2  | Reached skill level 5 in Dodging
 25598 | Snake:2  | Noticed Vashnia
 25634 | Snake:2  | Shot with an arrow by Vashnia

Illustrated notes

Levels and vault maps discovered:
D:1:      dpeg_arrival_leaves_temple_mockup, layout_loops_ring,
          chequers_ecumenical_altar_island, minmay_gold_behind_fungi
D:2:      layout_rooms, minmay_puff, uniq_jessica, uniq_robin
D:3:      layout_loops_cross, mainiacjoe_overflow_24_doors,
          kennysheep_nondescript, kennysheep_orc_chapel
D:4:      minmay_opposing_rooms, layout_basic, dk_xom_monty_hall, st_stairs_10
D:5:      layout_rooms, gammafunk_temple_overflow_claw,
          minmay_temple_entry_proselytizer, uniq_grinder
D:6:      layout_cave_pools, okawaru_metal_pillars_1_2, serial_gnoll_camp,
          gnoll_camp_mini_loothouse, gnoll_camp_medium_01, grums_kennel,
          gnoll_camp_mini_shop, gnoll_camp_huts_basic, grunt_decor_cap,
          chequers_serial_rivers_small_b, chequers_big_river, uniq_edmund
D:7:      layout_basic, serial_shops, shop_fountains, uniq_menkaure
D:8:      layout_basic, minmay_shop_mass, hangedman_decor_peaks_small,
          kennysheep_windowed_goal, uniq_erica
D:9:      layout_stronghold, nicolae_hepliaklqana_monster_ancestors,
          mainiacjoe_overflow_boulevard, kennysheep_small_circle
D:10:     layout_loops_ring, yredelemnul_forgotten_temple_becter
D:11:     layout_cave_pools, lair_entry_dummy, minmay_fountain_box, uniq_psyche
D:12:     layout_loops_cross, enter_trove_6
D:13:     layout_long_grid, minmay_misc_feat_tiny, xom_redecorated
D:14:     layout_gridville, skrybe_vaults_entry_preservation,
          minmay_misc_feat_plants
Temple:   cyrus_circular_temple
Lair:1:   layout_big_grid, grunt_megastairs_2
Lair:2:   layout_cave_pods, serial_bayou_pond_e, grunt_megastairs_3
Lair:3:   layout_cave_pods, elwin_shoals_entry_rocks, gauntlet_entry_generic,
          kennysheep_abandoned_house
Lair:4:   layout_gridlike, minmay_snake_entry_guardpost_large,
          grunt_forest_stairs_clearing
Lair:5:   layout_misc_corridors, chequers_serial_rivers_small_b,
          grunt_megastairs_5, infiniplex_staircase_pool_2, serial_bayou_shore_a
Lair:6:   hellmonk_lair_end_abyssal_woods, layout_loops_ring,
          dpeg_slime_entry_enclosed_altar, special_room
          [special_room_mythical_zoo], uniq_urug
Snake:1:  layout_cave_shapes
Snake:2:  onia_ninara_swampy_vault, layout_misc_corridors, serial_shops, shop,
          uniq_vashnia
Orc:1:    layout_diamond_mine, serial_shops,
          portal_ice_cave_entry_ice_simulacra, lightli_church_of_beogh
Orc:2:    st_orc_open, layout_caves, lemuel_statue_altar, uniq_rupert

Skill      XL: |  1  2  3  4  5  6  7  8  9 10 11 12 13 14 15 |
---------------+----------------------------------------------+-----
Armour         | 1 2 3 4 5 6 7 9 10 11 12 13 | 13.6
Fighting       | 4 5 6 7 8 9 10 11 12 14 15 | 15.1
Axes           | 5 6 7 8 10 11 13 15 16 18 20 | 20.8
Invocations    | 1 2 4 5 7 8 9 |  9.0
Throwing       | 1 3 5 6 8 |  8.0
Dodging        | 5 |  5.2
Stealth        | |  1.5

Action                   |  1- 3 |  4- 6 |  7- 9 | 10-12 | 13-15 || total
-------------------------+-------+-------+-------+-------+-------++-------
Melee: Hand axe          |    96 |   261 |       |       |       ||   357
       Spear             |       |    32 |   149 |       |       ||   181
       Battleaxe         |       |       |   103 |   363 |   515 ||   981
       Scimitar          |       |       |       |     9 |    15 ||    24
Throw: Boomerang         |       |       |       |     3 |       ||     3
Invok: Convert to Beogh  |       |     1 |       |       |       ||     1
       Smiting           |       |       |     1 |     2 |       ||     3
       Recall Orcish Fol |       |       |     1 |     2 |    18 ||    21
       Give Item to Name |       |       |       |     3 |     3 ||     6
       Resurrection      |       |       |       |       |     2 ||     2
  Use: Potion            |       |     4 |       |     5 |     5 ||    14
       Scroll            |       |       |    15 |    11 |     6 ||    32
 Stab: Sleeping          |     4 |     1 |       |       |       ||     5
       Distracted        |       |       |     2 |     2 |     6 ||    10
       Invisible         |       |       |       |     3 |       ||     3
       Petrified         |       |       |       |       |     3 ||     3
       Petrifying        |       |       |       |       |     1 ||     1
       Confused          |       |       |       |       |     1 ||     1
       Paralysed         |       |       |       |       |     1 ||     1
Armor: Robe              |    25 |     4 |       |       |       ||    29
       Scale mail        |       |    64 |       |       |       ||    64
       Leather armour    |       |     8 |       |       |       ||     8
       Chain mail        |       |    49 |    58 |       |       ||   107
       Crystal plate arm |       |       |   124 |   365 |   510 ||   999
Dodge: Dodged            |    63 |   114 |    69 |    65 |   134 ||   445

Table legend: (Time is in decaauts)
 A = Elapsed time spent in this place.
 B = Non-inter-level travel time spent in this place.
 C = Inter-level travel time spent in this place.
 D = Time resting spent in this place.
 E = Time spent auto-exploring this place.
 F = Levels seen in this place.
 G = Mean time per level.
                   A        B        C        D        E       F      G
               +--------+--------+--------+--------+--------+-----+--------+
         Total |  25545 |  24077 |   1468 |   2399 |  14860 |  27 |  946.1 |
       Dungeon |  16308 |  15489 |    819 |   1651 |   9998 |  14 | 1164.9 |
        Temple |     40 |     40 |      0 |      0 |      0 |   1 |   40.0 |
          Lair |   5560 |   5033 |    527 |    314 |   3422 |   6 |  926.7 |
     Snake Pit |    842 |    821 |     21 |      0 |    496 |   2 |  421.0 |
  Orcish Mines |   1420 |   1320 |    100 |    302 |    484 |   2 |  710.0 |
      Ice Cave |    404 |    404 |      0 |      0 |    118 |   1 |  404.0 |
      Gauntlet |    967 |    967 |      0 |    132 |    342 |   1 |  967.0 |
               +--------+--------+--------+--------+--------+-----+--------+

Top non-repeatable levels by time:
     D:4: 2182 daAuts
     D:1: 1780 daAuts
     D:3: 1635 daAuts
     D:8: 1616 daAuts
     D:6: 1557 daAuts
  Lair:6: 1498 daAuts
  Lair:3: 1162 daAuts
     D:9: 1103 daAuts
  Lair:2: 1011 daAuts
    D:10: 992 daAuts
Gauntlet: 967 daAuts
     D:2: 961 daAuts
   Orc:1: 882 daAuts
    D:11: 864 daAuts
     D:7: 805 daAuts
